 Dungeon Crawl Stone Soup version 0.31-a0-214-gb37851dbb3 (webtiles) character file.

Game seed: 456023170313617559

102596 qw the Severer (level 16, -1/106 HPs)
             Began as a Gargoyle Fighter on July 1, 2023.
             Was a High Priest of Okawaru.
             Slain by a salamander
             ... wielding a +2 halberd
              (9 damage)
             ... on level 2 of the Snake Pit.
             The game lasted 00:13:32 (23748 turns).

qw the Severer (Gargoyle Fighter)                  Turns: 23748, Time: 00:13:33

Health: -1/106     AC: 57    Str: 31    XL:     16   Next: 33%
Magic:  14/14      EV:  7    Int:  9    God:    Okawaru [*****.]
Gold:   125        SH: 24    Dex:  9    Spells: 15/15 levels left

rFire   . . .        B - +0 broad axe (heavy)
rCold   . . .        C - +2 tower shield {rN+}
rNeg    + + .        h - +10 plate armour {ponderous}
rPois   inf          v - +2 hat
rElec   +            z - +2 cloak of Sorcery {rCorr MP-9 Str+3}
rCorr   +            x - +2 pair of gloves
SInv    .            p - +2 pair of boots
Will    +....        u - amulet of reflection Stlth
                     l - +4 ring of protection
HPRegen 0.37/turn    i - +4 ring of slaying {mikee}
MPRegen 0.14/turn

%: reflection
@: heroic, weakened, flying, constricted, slow
A: sickness immunity, AC +12, big wings, negative energy resistance 1,
electricity resistance, torment resistance 1, petrification resistance
a: Renounce Religion, Heroism, Finesse, Duel


You were on level 2 of the Snake Pit.
You worshipped Okawaru.
Okawaru was extremely pleased with you.
You visited 5 branches of the dungeon, and saw 25 of its levels.

You collected 2130 gold pieces.
You spent 2005 gold pieces at shops.


Innate Abilities, Weirdness & Mutations

You are immune to sickness and miasma.
Your stone body is resilient. (AC +12)
You are immune to poison.
Your large and strong wings let you fly.
You resist negative energy. (rN+)
You are resistant to electric shocks. (rElec)
You are resistant to unholy torment.
You are immune to petrification.


   Skills:
 - Level 14.0(19.0) Fighting
 - Level 18.0(23.0) Axes
 - Level 3.6(8.6) Throwing
 - Level 12.5(17.5) Armour
 - Level 3.2(8.2) Dodging
 + Level 10.1(15.1) Shields
 - Level 10.0 Invocations


You had 15 spell levels left.
You didn't know any spells.
Your spell library was empty.

Inventory:

Hand Weapons
 B - a +0 heavy broad axe (weapon)
 D - a +2 war axe of flaming
Missiles
 y - 12 boomerangs (quivered)
Armour
 h - a +10 plate armour of ponderousness (worn)
 n - a +0 plate armour of fire resistance
 p - a +2 pair of boots (worn)
 v - a +2 hat (worn)
 x - a +2 pair of gloves (worn)
 z - the +2 cloak of Sorcery (worn) {rCorr MP-9 Str+3}
   (You found it on level 5 of the Lair of Beasts)

   Str:       It affects your strength (+3).
   MP:        It affects your magic capacity (-9).
   rCorr:     It protects you from acid and corrosion.
 C - a +2 tower shield of positive energy (worn)
Jewellery
 i - a +4 ring of slaying (right hand) {mikee}
 l - a +4 ring of protection (left hand)
 t - a ring of resist corrosion
 u - an amulet of reflection (around neck)
 w - a ring of resist corrosion
Wands
 s - a wand of digging (8)
Scrolls
 q - 12 scrolls of identify
 r - 5 scrolls of teleportation
Potions
 a - 5 potions of mutation
 b - 2 potions of magic
 d - 5 potions of might
 e - 4 potions of attraction
 f - 5 potions of curing
 g - 5 potions of haste
 j - a potion of heal wounds
 k - 4 potions of enlightenment
 m - 3 potions of lignification
 A - 2 potions of cancellation

Dungeon Overview and Level Annotations

Branches:
Dungeon (15/15)            Temple (1/1) D:5            Lair (5/5) D:11
 Shoals (0/4) Lair:2        Snake (2/4) Lair:2        Slime (0/5) Lair:4
    Orc (2/2) D:11            Elf (0/3) Orc:2        Vaults (0/5) D:13
 Depths (0/4) D:15

Altars:
Ashenzari
Cheibriados
Dithmenos
Elyvilon
Fedhas
Gozag
Hepliaklqana
Kikubaaqudgha
Makhleb
Nemelex Xobeh
Okawaru
Qazlal
Ru
Sif Muna
Trog
Uskayaw
Vehumet
Wu Jian
Xom
Yredelemnul
Zin
The Shining One
Jiyva

Shops:
D:4 *   D:5 (   D:12 (   D:13 *:=(*   D:15 :(:[   Orc:2 (=[*

Portals:
Abyss: D:14

Annotations:
D:14 2 transporters, Kilet's ghost, adept GrEE


Message History

The naga sharpshooter magically shoots an arrow.
You block the arrow with an invisible shield... and reflect it back!
You block the salamander's attack.
The naga sharpshooter casts a spell.
The naga sharpshooter magically shoots an arrow.
You block the arrow with an invisible shield... and reflect it back!
You block the salamander's attack.
The salamander hits you but does no damage.
Your base Shields skill increases to level 10!
The naga sharpshooter gestures wildly while chanting.
The naga sharpshooter magically shoots an arrow.
The arrow barely misses you. You block the salamander's attack. x2
The salamander hits you but does no damage.
The naga sharpshooter spits poison at you.
The splash of poison hits you but does no damage.
You resist.
The salamander hits you from afar with a +0 trident.
You are engulfed in flames!
You slice the naga sharpshooter!!
You kill the naga sharpshooter!
Okawaru accepts your kill. The salamander barely misses you.
You block the salamander's attack.
The salamander hits you but does no damage.
You block the salamander's attack. x3
Items here: % )) [.
You slice the salamander!!
The salamander is heavily wounded.
You slash the salamander! You block the salamander's attack. x2
You slice the salamander!!
The salamander is severely wounded.
You slice the naga!! You slash the salamander!
You block the salamander's attack. x2
The salamander hits you but does no damage.
The salamander hits you from afar with a +0 halberd of freezing.
You are engulfed in flames!
The salamander freezes you. You block the naga's attack. The naga grabs you.
The naga constricts you.
The salamander hits you with a +2 halberd!
You are engulfed in flames!
You die...

##....
#..... >...
..^ #.#
##'## #...##
#.)))# .~ N
#..@N#'#.~~¤
#..NN....~~
#./.N......¤
#.........##
#....#+###..
#....# .
#....#
#....# #
##%#.# #


You could see 3 salamanders and a naga.

Vanquished Creatures
  Agnes (D:14)
  Donald (Snake:1)
  Aizul (Snake:1)
  An orc warlord (Orc:2)
  Nessos (Lair:5)
  Josephine (Snake:1)
  A spriggan zombie (D:15)
  6 hydras
  A salamander tyrant (Snake:2)
  2 anacondas
  6 centaur warriors
  A death knight (D:13)
  3 two-headed ogres
  2 death yaks (Lair:2)
  2 naga sharpshooters
  5 orc high priests (Orc:2)
  3 naga warriors
  3 skysharks
  2 salamander mystics (Snake:2)
  3 sea snakes (Snake:1)
  4 skeletal warriors (D:15)
  A harpy (Lair:2)
  5 orc knights
  Pikel (D:7)
  2 wizards (D:15)
  3 phantasmal warriors
  2 deep elf pyromancers
  9 ugly things (D:15)
  A necromancer (D:15)
  5 orc sorcerers (Orc:2)
  A stone giant zombie (D:15)
  3 cyclopes
  4 manticores
  A fire giant skeleton (D:15)
  6 salamanders
  3 elephants (Lair:5)
  13 black mambas
  4 naga magi (Snake:1)
  Maggie (D:6)
  A gargoyle (D:11)
  19 cane toads
  5 unseen horrors
  2 torpor snails
  A komodo dragon (shapeshifter) (D:15)
  6 komodo dragons
  A rime drake (Lair:4)
  A yaktaur (shapeshifter) (D:13)
  3 kobold demonologists
  A freezing wraith (D:13)
  An efreet (D:15)
  A guardian mummy (D:15)
  A polar bear (shapeshifter) (D:14)
  3 trolls
  A polar bear (Lair:5)
  2 hornets (D:9)
  2 tyrant leeches (Lair:5)
  22 blink frogs
  3 dream sheep (Lair:4)
  Prince Ribbit (D:7)
  Sigmund (D:4)
  10 slime creatures (D:12)
  3 vampires
  2 shadows
  8 wyverns
  2 basilisks
  4 steam dragons
  7 wraiths
  Eustachio (D:4)
  16 humans (D:13)
  46 yaks
  19 vampire mosquitoes
  8 nagas
  3 wargs
  Edmund (D:4)
  A human zombie (D:15)
  2 hell hounds (Orc:2)
  2 acid dragons (D:10)
  12 water moccasins
  A sky beast (D:6)
  2 ice beasts
  33 orc warriors
  5 ogres
  9 centaurs
  15 wolves
  3 lemures (D:7)
  4 kobold brigands (D:11)
  3 phantoms
  13 bullfrogs
  A gnoll sergeant (D:10)
  2 scorpions
  7 wights
  A troll zombie (D:11)
  6 killer bees
  5 electric eels
  4 lava snakes (Lair:2)
  A jelly (D:6)
  23 orc priests
  2 gnoll boudas
  3 hounds
  A sleepcap (D:8)
  2 iguanas
  31 orc wizards
  6 hell rats (Lair:4)
  7 ogre zombies (D:11)
  10 gnolls
  4 adders
  A white imp (D:6)
  3 worms
  4 dart slugs
  86 orcs
  6 ball pythons
  5 bats
  4 endoplasms
  8 giant cockroaches
  4 goblins
  9 hobgoblins
  4 jackals (D:1)
  6 quokkas
  3 training dummies (D:5)
  4 frilled lizards
  2 goblin skeletons (D:11)
  2 goblin zombies (D:11)
  5 hobgoblin skeletons (D:11)
  13 kobolds
  2 orc skeletons (D:11)
  14 orc zombies (D:11)
  3 rats
732 creatures vanquished.

Notes
Turn   | Place    | Note
-------+----------+-------------------------------------------
     0 | D:1      | qw the Gargoyle Fighter began the quest for the Orb.
     0 | D:1      | Reached XP level 1. HP: 14/14 MP: 1/1
     0 | D:1      | 0 ||| qw: Version: 0.3-a-32-g5962c71
     0 | D:1      | 0 ||| qw: Game counter: 7435
     0 | D:1      | 0 ||| qw: Melee chars always use a shield: true
     0 | D:1      | 0 ||| qw: God list: Okawaru
     0 | D:1      | 0 ||| qw: Allow faded altars: false
     0 | D:1      | 0 ||| qw: Do Orc after clearing Dungeon:15 true
     0 | D:1      | 0 ||| qw: Do second Lair branch before Depths: true
     0 | D:1      | 0 ||| qw: Lair rune preference: random
     0 | D:1      | 0 ||| qw: Goals: Normal, Zot:1-4, Slime:5, God:TSO, Crypt,
                  | Tomb, Abyss, Pan, Hells, Win
     0 | D:1      | 0 ||| PLANNING D:1-11
   104 | D:1      | Reached skill level 2 in Axes
   151 | D:1      | Reached XP level 2. HP: 19/19 MP: 2/2
   155 | D:1      | 155 ||| Stepping ~*~*~tactically~*~*~ (stealth).
   161 | D:1      | 161 ||| Stepping ~*~*~tactically~*~*~ (stealth).
   164 | D:1      | 164 ||| Stepping ~*~*~tactically~*~*~ (stealth).
   165 | D:1      | 165 ||| Stepping ~*~*~tactically~*~*~ (stealth).
   166 | D:1      | 166 ||| Stepping ~*~*~tactically~*~*~ (stealth).
   168 | D:1      | 168 ||| Stepping ~*~*~tactically~*~*~ (stealth).
   253 | D:1      | Found a faded altar of an unknown god.
   323 | D:1      | Reached skill level 3 in Axes
   472 | D:1      | 472 ||| Stepping ~*~*~tactically~*~*~ (stealth).
   480 | D:1      | Reached XP level 3. HP: 22/23 MP: 3/3
   480 | D:1      | 480 ||| Stepping ~*~*~tactically~*~*~ (stealth).
   495 | D:1      | 495 ||| Stepping ~*~*~tactically~*~*~ (hiding).
   786 | D:1      | 786 ||| UPGRADING to +0 chain mail.
   796 | D:1      | 796 ||| DROPPING +0 scale mail.
   797 | D:1      | 797 ||| READING scroll labelled YNOCYOMIWK.
   798 | D:1      | 798 ||| READING scroll labelled CIFUMI TIUCO.
   854 | D:2      | 854 ||| DROPPING +0 club.
  1029 | D:2      | 1029 ||| Stepping ~*~*~tactically~*~*~ (stealth).
  1100 | D:2      | 1100 ||| Stepping ~*~*~tactically~*~*~ (hiding).
  1105 | D:2      | Found a bloodstained altar of Trog.
  1150 | D:2      | Identified the +0 robe of Lucidity {-Tele rElec Will+
                  | Stlth+}
  1303 | D:2      | 1303 ||| Stepping ~*~*~tactically~*~*~ (stealth).
  1304 | D:2      | 1304 ||| Stepping ~*~*~tactically~*~*~ (stealth).
  1351 | D:2      | Reached XP level 4. HP: 28/28 MP: 4/4
  1790 | D:2      | 1790 ||| UPGRADING to +4 ring of protection.
  1791 | D:2      | 1791 ||| READING 2 scrolls labelled ECAAMA RYLIASIU.
  1792 | D:2      | 1792 ||| READING scroll labelled SEIT OHOCEUHOBB.
  1793 | D:2      | 1793 ||| READING scroll labelled LAARANA WUGG.
  1794 | D:2      | 1794 ||| READING scroll labelled JOSIOFROAKI.
  1799 | D:2      | 1799 ||| DROPPING scroll of poison.
  1855 | D:3      | Reached skill level 4 in Axes
  1855 | D:3      | 1855 ||| FLEEEEING.
  1856 | D:3      | 1856 ||| FLEEEEING.
  1857 | D:3      | 1857 ||| FLEEEEING.
  1858 | D:3      | 1858 ||| FLEEEEING.
  1881 | D:3      | Reached XP level 5. HP: 29/32 MP: 5/5
  1945 | D:3      | 1945 ||| DROPPING +0 whip.
  1962 | D:3      | Found a hazy altar of Hepliaklqana.
  1984 | D:3      | 1984 ||| Stepping ~*~*~tactically~*~*~ (stealth).
  2225 | D:3      | Reached skill level 5 in Axes
  2258 | D:3      | 2258 ||| Stepping ~*~*~tactically~*~*~ (hiding).
  2596 | D:3      | 2596 ||| UPGRADING to +1 cloak.
  2601 | D:3      | 2601 ||| UPGRADING to +2 scale mail of cold resistance.
  2611 | D:3      | 2611 ||| UPGRADING to amulet of the acrobat.
  2616 | D:3      | 2616 ||| READING 2 scrolls labelled WAIRRO QYIS.
  2617 | D:3      | 2617 ||| READING scroll labelled QAEDEM LEUFAUPH.
  2618 | D:3      | 2618 ||| DRINKING 2 coppery potions.
  2619 | D:3      | 2619 ||| DROPPING potion of brilliance.
  2620 | D:3      | 2620 ||| DROPPING scroll of fog.
  2646 | D:4      | Noticed a phantom
  2648 | D:4      | Noticed Edmund
  2653 | D:4      | Reached XP level 6. HP: 36/39 MP: 6/6
  2655 | D:4      | Reached skill level 1 in Dodging
  2660 | D:4      | Killed Edmund
  2733 | D:4      | 2733 ||| Stepping ~*~*~tactically~*~*~ (stealth).
  2765 | D:4      | Reached XP level 7. HP: 44/44 MP: 7/7
  2806 | D:4      | Reached skill level 6 in Axes
  2881 | D:4      | Found Zedoigoj's General Store.
  2898 | D:4      | 2898 ||| BUYING scroll of teleportation (42 gold).
  2898 | D:4      | Bought a scroll of teleportation for 42 gold pieces
  2914 | D:4      | Noticed Eustachio
  2930 | D:4      | Killed Eustachio
  2936 | D:4      | 2936 ||| FLEEEEING.
  2937 | D:4      | 2937 ||| Stepping ~*~*~tactically~*~*~ (stealth).
  2942 | D:4      | 2942 ||| Stepping ~*~*~tactically~*~*~ (stealth).
  2946 | D:4      | Noticed Sigmund
  2947 | D:4      | 2947 ||| Stepping ~*~*~tactically~*~*~ (stealth).
  2948 | D:4      | 2948 ||| Stepping ~*~*~tactically~*~*~ (stealth).
  2949 | D:4      | 2949 ||| Stepping ~*~*~tactically~*~*~ (stealth).
  2950 | D:4      | 2950 ||| Stepping ~*~*~tactically~*~*~ (hiding).
  2951 | D:4      | 2951 ||| Stepping ~*~*~tactically~*~*~ (hiding).
  2953 | D:4      | 2953 ||| Stepping ~*~*~tactically~*~*~ (hiding).
  2960 | D:4      | Reached skill level 7 in Axes
  2967 | D:4      | HP: 11/44 [something (9)]
  2975 | D:4      | Killed Sigmund
  2976 | D:4      | Reached XP level 8. HP: 15/51 MP: 8/8
  2991 | D:4      | 2991 ||| FLEEEEING.
  2999 | D:4      | 2999 ||| STAIRDANCE
  3102 | D:3      | 3102 ||| READING 3 scrolls of identify.
  3102 | D:3      | 3102 ||| IDENTIFYING grey potion
  3103 | D:3      | 3103 ||| READING 2 scrolls of identify.
  3103 | D:3      | 3103 ||| IDENTIFYING black potion
  3521 | D:4      | 3521 ||| DROPPING +0 chain mail.
  3522 | D:4      | 3522 ||| UPGRADING to +0 plate armour.
  3532 | D:4      | 3532 ||| UPGRADING to +0 pair of gloves.
  3537 | D:4      | 3537 ||| READING 3 scrolls labelled RICYXZE AHYRU.
  3538 | D:4      | 3538 ||| READING 2 scrolls of enchant armour.
  3538 | D:4      | 3538 ||| ENCHANTING +0 pair of gloves.
  3539 | D:4      | 3539 ||| READING scroll of enchant armour.
  3539 | D:4      | 3539 ||| ENCHANTING +1 pair of gloves.
  3540 | D:4      | 3540 ||| READING scroll labelled EVADDI OWIL.
  3541 | D:4      | 3541 ||| DRINKING 2 viscous blue potions.
  3548 | D:4      | 3548 ||| DROPPING potion of ambrosia.
  3557 | D:5      | Entered Level 5 of the Dungeon
  3593 | D:5      | Found Emotsaci's Firing Range.
  3861 | D:5      | Found a staircase to the Ecumenical Temple.
  3862 | D:5      | 3862 ||| PLANNING TEMPLE
  3870 | Temple   | Entered the Ecumenical Temple
  3870 | Temple   | Found a transporter.
  3870 | Temple   | Found a transporter.
  3872 | Temple   | Found a transporter.
  3872 | Temple   | Found a transporter.
  3882 | Temple   | 3882 ||| PLANNING D:1-11
  4157 | D:5      | Noticed a vampire
  4163 | D:5      | Killed a vampire
  4321 | D:5      | 4321 ||| Stepping ~*~*~tactically~*~*~ (stealth).
  4413 | D:5      | 4413 ||| Stepping ~*~*~tactically~*~*~ (stealth).
  4415 | D:5      | 4415 ||| Stepping ~*~*~tactically~*~*~ (hiding).
  4534 | D:5      | 4534 ||| UPGRADING to amulet of reflection.
  4544 | D:5      | 4544 ||| DROPPING amulet of the acrobat.
  4674 | D:6      | 4674 ||| Stepping ~*~*~tactically~*~*~ (hiding).
  4682 | D:6      | Reached skill level 8 in Axes
  4737 | D:6      | 4737 ||| READING scroll of enchant armour.
  4737 | D:6      | 4737 ||| ENCHANTING +1 cloak.
  4756 | D:6      | 4756 ||| Stepping ~*~*~tactically~*~*~ (hiding).
  4757 | D:6      | 4757 ||| Stepping ~*~*~tactically~*~*~ (hiding).
  4761 | D:6      | Reached XP level 9. HP: 55/55 MP: 9/9
  4988 | D:6      | 4988 ||| READING scroll of brand weapon.
  4988 | D:6      | 4988 ||| BRANDING +1 war axe of venom.
  5062 | D:6      | Reached skill level 6 in Fighting
  5264 | D:6      | Noticed Maggie
  5284 | D:6      | Killed Maggie
  5541 | D:6      | 5541 ||| DRINKING 2 viscous pink potions.
  5542 | D:6      | 5542 ||| DRINKING 2 brown potions.
  5543 | D:6      | 5543 ||| DRINKING 2 bubbling cyan potions.
  5544 | D:6      | 5544 ||| DROPPING potion of degeneration.
  5565 | D:7      | 5565 ||| STAIRDANCE
  5567 | D:6      | 5567 ||| DRINKING potion of curing.
  5567 | D:6      | 5567 ||| (to cure confusion)
  5581 | D:7      | Reached skill level 9 in Axes
  5640 | D:7      | 5640 ||| Stepping ~*~*~tactically~*~*~ (hiding).
  5783 | D:7      | 5783 ||| Stepping ~*~*~tactically~*~*~ (cloud).
  5784 | D:7      | 5784 ||| Stepping ~*~*~tactically~*~*~ (cloud).
  5798 | D:7      | HP: 13/56 [steam dragon] (3)]
  5799 | D:7      | 5799 ||| READING 3 scrolls of teleportation.
  5800 | D:7      | 5800 ||| DRINKING potion of heal wounds.
  5802 | D:7      | Reached skill level 6 in Armour
  5802 | D:7      | 5802 ||| Stepping ~*~*~tactically~*~*~ (cloud).
  5803 | D:7      | 5803 ||| Stepping ~*~*~tactically~*~*~ (cloud).
  6104 | D:7      | 6104 ||| Stepping ~*~*~tactically~*~*~ (stealth).
  6122 | D:7      | 6122 ||| Stepping ~*~*~tactically~*~*~ (stealth).
  6123 | D:7      | 6123 ||| DROPPING +0 flail.
  6124 | D:7      | 6124 ||| DROPPING +3 flail of draining.
  6222 | D:7      | Noticed Pikel
  6222 | D:7      | 6222 ||| Stepping ~*~*~tactically~*~*~ (stealth).
  6228 | D:7      | Noticed Prince Ribbit
  6229 | D:7      | 6229 ||| Stepping ~*~*~tactically~*~*~ (hiding).
  6256 | D:7      | Killed Pikel
  6276 | D:7      | Killed Prince Ribbit
  6277 | D:7      | Reached skill level 10 in Axes
  6277 | D:7      | Reached XP level 10. HP: 43/63 MP: 10/10
  6312 | D:7      | 6312 ||| Stepping ~*~*~tactically~*~*~ (stealth).
  6319 | D:7      | 6319 ||| FLEEEEING.
  6363 | D:7      | 6363 ||| Stepping ~*~*~tactically~*~*~ (hiding).
  6440 | D:7      | Found a glowing golden altar of the Shining One.
  6768 | D:7      | 6768 ||| DRINKING 2 fuming ruby potions.
  6791 | D:7      | 6791 ||| READING 3 scrolls of identify.
  6791 | D:7      | 6791 ||| IDENTIFYING clear potion
  6792 | D:7      | 6792 ||| READING 2 scrolls of identify.
  6792 | D:7      | 6792 ||| IDENTIFYING red potion
  6885 | D:8      | Noticed a centaur warrior
  6886 | D:8      | 6886 ||| Stepping ~*~*~tactically~*~*~ (hiding).
  6888 | D:8      | 6888 ||| Stepping ~*~*~tactically~*~*~ (hiding).
  6908 | D:8      | Killed a centaur warrior
  6988 | D:8      | Reached skill level 3 in Throwing
  6988 | D:8      | 6988 ||| Stepping ~*~*~tactically~*~*~ (cloud).
  7164 | D:8      | 7164 ||| Stepping ~*~*~tactically~*~*~ (stealth).
  7217 | D:8      | 7217 ||| DROPPING +1 flail of protection.
  7576 | D:8      | 7576 ||| UPGRADING to +4 ring of slaying {mikee}.
  7577 | D:8      | 7577 ||| READING scroll labelled VETAKO ZOUWA.
  7608 | D:9      | 7608 ||| STAIRDANCE
  7780 | D:9      | Reached skill level 11 in Axes
  7783 | D:9      | Reached skill level 9 in Fighting
  7878 | D:9      | Reached XP level 11. HP: 66/71 MP: 11/11
  7912 | D:9      | 7912 ||| DROPPING +2 flail of protection.
  8092 | D:9      | 8092 ||| Stepping ~*~*~tactically~*~*~ (hiding).
  8129 | D:9      | Found an iron altar of Okawaru.
  8130 | D:9      | 8130 ||| PLANNING OKAWARU WORSHIP
  8130 | D:9      | 8130 ||| READING scroll labelled WIZE VOLAE.
  8131 | D:9      | 8131 ||| READING 4 scrolls of identify.
  8131 | D:9      | 8131 ||| IDENTIFYING lumpy grey potion
  8138 | D:9      | Became a worshipper of Warmaster Okawaru
  8139 | D:9      | 8139 ||| PLANNING D:1-11
  8384 | D:9      | 8384 ||| UPGRADING to +10 plate armour of ponderousness.
  8394 | D:9      | 8394 ||| DROPPING +2 scale mail of cold resistance.
  8395 | D:9      | 8395 ||| DROPPING +0 plate armour.
  8413 | D:10     | Entered Level 10 of the Dungeon
  8421 | D:10     | HP: 16/71 [acid dragon/splash of acid (31)]
  8422 | D:10     | 8422 ||| READING 2 scrolls of teleportation.
  8705 | D:10     | 8705 ||| Stepping ~*~*~tactically~*~*~ (hiding).
  8874 | D:10     | 8874 ||| Stepping ~*~*~tactically~*~*~ (stealth).
  8876 | D:10     | 8876 ||| Stepping ~*~*~tactically~*~*~ (stealth).
  9105 | D:10     | 9105 ||| Stepping ~*~*~tactically~*~*~ (stealth).
  9107 | D:10     | 9107 ||| Stepping ~*~*~tactically~*~*~ (stealth).
  9147 | D:10     | Reached * piety under Okawaru
  9171 | D:10     | Reached skill level 1 in Invocations
  9199 | D:10     | 9199 ||| INVOKING Heroism.
  9733 | D:10     | 9733 ||| READING 2 scrolls labelled ARUEJI GASHREIC.
  9734 | D:10     | 9734 ||| DROPPING scroll of immolation.
  9782 | D:11     | Reached skill level 12 in Axes
  9855 | D:11     | 9855 ||| Stepping ~*~*~tactically~*~*~ (stealth).
  9892 | D:11     | 9892 ||| FLEEEEING.
  9893 | D:11     | 9893 ||| FLEEEEING.
  9894 | D:11     | 9894 ||| FLEEEEING.
  9900 | D:11     | 9900 ||| STAIRDANCE
  9926 | D:10     | 9926 ||| UPGRADING to +0 pair of boots.
  9931 | D:10     | 9931 ||| READING scroll labelled JAERETS RULAU.
  9949 | D:11     | 9949 ||| Stepping ~*~*~tactically~*~*~ (stealth).
  9954 | D:11     | 9954 ||| Stepping ~*~*~tactically~*~*~ (stealth).
  9957 | D:11     | 9957 ||| Stepping ~*~*~tactically~*~*~ (stealth).
  9968 | D:11     | 9968 ||| Stepping ~*~*~tactically~*~*~ (stealth).
  9974 | D:11     | Reached skill level 3 in Invocations
  9979 | D:11     | Reached ** piety under Okawaru
  9998 | D:11     | 9998 ||| Stepping ~*~*~tactically~*~*~ (hiding).
 10022 | D:11     | Reached skill level 9 in Armour
 10051 | D:11     | 10051 ||| FLEEEEING.
 10052 | D:11     | 10052 ||| FLEEEEING.
 10054 | D:11     | 10054 ||| FLEEEEING.
 10055 | D:11     | 10055 ||| FLEEEEING.
 10056 | D:11     | 10056 ||| FLEEEEING.
 10057 | D:11     | 10057 ||| FLEEEEING.
 10058 | D:11     | 10058 ||| FLEEEEING.
 10059 | D:11     | 10059 ||| FLEEEEING.
 10060 | D:11     | 10060 ||| FLEEEEING.
 10061 | D:11     | 10061 ||| FLEEEEING.
 10062 | D:11     | 10062 ||| FLEEEEING.
 10063 | D:11     | 10063 ||| FLEEEEING.
 10064 | D:11     | 10064 ||| FLEEEEING.
 10065 | D:11     | 10065 ||| FLEEEEING.
 10068 | D:11     | 10068 ||| STAIRDANCE
 10145 | D:11     | Found a staircase to the Orcish Mines.
 10231 | D:11     | 10231 ||| INVOKING Heroism.
 10306 | D:11     | 10306 ||| Stepping ~*~*~tactically~*~*~ (hiding).
 10314 | D:11     | Reached skill level 6 in Shields
 10467 | D:11     | Found a staircase to the Lair.
 10490 | D:11     | Noticed a manticore
 10491 | D:11     | 10491 ||| Stepping ~*~*~tactically~*~*~ (hiding).
 10494 | D:11     | 10494 ||| INVOKING Heroism.
 10499 | D:11     | Killed a manticore
 10510 | D:11     | 10510 ||| Stepping ~*~*~tactically~*~*~ (stealth).
 10529 | D:11     | 10529 ||| Stepping ~*~*~tactically~*~*~ (stealth).
 10533 | D:11     | 10533 ||| Stepping ~*~*~tactically~*~*~ (stealth).
 10547 | D:11     | 10547 ||| Stepping ~*~*~tactically~*~*~ (hiding).
 10551 | D:11     | 10551 ||| DRINKING 4 potions of curing.
 10551 | D:11     | 10551 ||| (to cure confusion)
 10556 | D:11     | 10556 ||| Stepping ~*~*~tactically~*~*~ (hiding).
 10583 | D:11     | 10583 ||| READING scroll of enchant weapon.
 10583 | D:11     | 10583 ||| ENCHANTING +1 war axe of freezing.
 10607 | D:11     | Noticed a four-headed hydra
 10608 | D:11     | 10608 ||| INVOKING Heroism.
 10611 | D:11     | 10611 ||| SWAPPING to +0 morningstar.
 10613 | D:11     | Killed a four-headed hydra
 10614 | D:11     | Reached XP level 12. HP: 77/77 MP: 12/15
 10614 | D:11     | 10614 ||| SWAPPING to +2 war axe of freezing.
 10711 | D:11     | Noticed a two-headed ogre
 10717 | D:11     | Killed a two-headed ogre
 10867 | D:11     | 10867 ||| PLANNING LAIR
 10913 | Lair:1   | Entered Level 1 of the Lair of Beasts
 10937 | Lair:1   | Reached *** piety under Okawaru
 11047 | Lair:1   | Reached skill level 13 in Axes
 11079 | Lair:1   | 11079 ||| INVOKING Heroism.
 11166 | Lair:1   | 11166 ||| Stepping ~*~*~tactically~*~*~ (stealth).
 11251 | Lair:1   | 11251 ||| Stepping ~*~*~tactically~*~*~ (stealth).
 11265 | Lair:1   | 11265 ||| INVOKING Heroism.
 11541 | Lair:1   | 11541 ||| Stepping ~*~*~tactically~*~*~ (stealth).
 11542 | Lair:1   | 11542 ||| Stepping ~*~*~tactically~*~*~ (stealth).
 11549 | Lair:1   | Reached **** piety under Okawaru
 11706 | Lair:1   | 11706 ||| INVOKING Heroism.
 11835 | Lair:1   | 11835 ||| INVOKING Heroism.
 11953 | Lair:2   | Noticed a death yak
 11954 | Lair:2   | 11954 ||| INVOKING Heroism.
 11955 | Lair:2   | Noticed a death yak
 11968 | Lair:2   | Killed a death yak
 11971 | Lair:2   | Killed a death yak
 12284 | Lair:2   | Received a gift from Okawaru
 12290 | Lair:2   | Reached skill level 14 in Axes
 12323 | Lair:2   | Found a staircase to the Shoals.
 12385 | Lair:2   | Found a staircase to the Snake Pit.
 12389 | Lair:2   | Reached skill level 6 in Invocations
 12397 | Lair:2   | 12397 ||| INVOKING Heroism.
 12541 | Lair:2   | Reached XP level 13. HP: 82/82 MP: 17/17
 12662 | Lair:2   | 12662 ||| READING scroll of enchant armour.
 12662 | Lair:2   | 12662 ||| ENCHANTING +0 pair of boots.
 12931 | Lair:2   | You fall into a shaft and drop 1 floor!
 12932 | Lair:3   | 12932 ||| INVOKING Heroism.
 12962 | Lair:3   | 12962 ||| READING scroll labelled TUEBRAUNIAD.
 13228 | Lair:3   | 13228 ||| Stepping ~*~*~tactically~*~*~ (stealth).
 13229 | Lair:3   | 13229 ||| Stepping ~*~*~tactically~*~*~ (stealth).
 13231 | Lair:3   | 13231 ||| Stepping ~*~*~tactically~*~*~ (stealth).
 13255 | Lair:3   | 13255 ||| Stepping ~*~*~tactically~*~*~ (stealth).
 13269 | Lair:3   | 13269 ||| Stepping ~*~*~tactically~*~*~ (stealth).
 13276 | Lair:3   | 13276 ||| Stepping ~*~*~tactically~*~*~ (stealth).
 13597 | Lair:3   | 13597 ||| INVOKING Heroism.
 13601 | Lair:3   | 13601 ||| SWAPPING to +0 morningstar.
 13604 | Lair:3   | 13604 ||| SWAPPING to +2 war axe of freezing.
 13902 | Lair:3   | 13902 ||| READING 10 scrolls of identify.
 13902 | Lair:3   | 13902 ||| IDENTIFYING green potion
 13903 | Lair:3   | 13903 ||| DROPPING potion of invisibility.
 13958 | Lair:4   | 13958 ||| INVOKING Heroism.
 14050 | Lair:4   | 14050 ||| INVOKING Heroism.
 14054 | Lair:4   | 14054 ||| SWAPPING to +0 morningstar.
 14062 | Lair:4   | 14062 ||| SWAPPING to +2 war axe of freezing.
 14202 | Lair:4   | 14202 ||| FLEEEEING.
 14203 | Lair:4   | 14203 ||| FLEEEEING.
 14204 | Lair:4   | 14204 ||| FLEEEEING.
 14205 | Lair:4   | 14205 ||| FLEEEEING.
 14206 | Lair:4   | 14206 ||| FLEEEEING.
 14207 | Lair:4   | 14207 ||| FLEEEEING.
 14208 | Lair:4   | 14208 ||| FLEEEEING.
 14209 | Lair:4   | 14209 ||| FLEEEEING.
 14210 | Lair:4   | 14210 ||| FLEEEEING.
 14211 | Lair:4   | 14211 ||| FLEEEEING.
 14212 | Lair:4   | 14212 ||| FLEEEEING.
 14213 | Lair:4   | 14213 ||| FLEEEEING.
 14214 | Lair:4   | 14214 ||| FLEEEEING.
 14215 | Lair:4   | 14215 ||| FLEEEEING.
 14216 | Lair:4   | 14216 ||| FLEEEEING.
 14217 | Lair:4   | 14217 ||| FLEEEEING.
 14218 | Lair:4   | 14218 ||| FLEEEEING.
 14219 | Lair:4   | 14219 ||| FLEEEEING.
 14220 | Lair:4   | 14220 ||| FLEEEEING.
 14222 | Lair:4   | 14222 ||| FLEEEEING.
 14223 | Lair:4   | 14223 ||| FLEEEEING.
 14224 | Lair:4   | 14224 ||| FLEEEEING.
 14225 | Lair:4   | 14225 ||| FLEEEEING.
 14226 | Lair:4   | 14226 ||| FLEEEEING.
 14227 | Lair:4   | 14227 ||| FLEEEEING.
 14228 | Lair:4   | 14228 ||| FLEEEEING.
 14229 | Lair:4   | 14229 ||| FLEEEEING.
 14230 | Lair:4   | 14230 ||| FLEEEEING.
 14231 | Lair:4   | 14231 ||| FLEEEEING.
 14232 | Lair:4   | 14232 ||| FLEEEEING.
 14233 | Lair:4   | 14233 ||| FLEEEEING.
 14234 | Lair:4   | 14234 ||| INVOKING Heroism.
 14339 | Lair:4   | Found a viscous altar of Jiyva.
 14340 | Lair:4   | 14340 ||| Stepping ~*~*~tactically~*~*~ (hiding).
 14341 | Lair:4   | 14341 ||| Stepping ~*~*~tactically~*~*~ (hiding).
 14366 | Lair:4   | 14366 ||| Stepping ~*~*~tactically~*~*~ (stealth).
 14368 | Lair:4   | 14368 ||| Stepping ~*~*~tactically~*~*~ (stealth).
 14369 | Lair:4   | 14369 ||| Stepping ~*~*~tactically~*~*~ (stealth).
 14397 | Lair:4   | Reached skill level 9 in Invocations
 14409 | Lair:4   | Found a staircase to the Slime Pits.
 14439 | Lair:4   | Reached ***** piety under Okawaru
 14522 | Lair:4   | 14522 ||| INVOKING Heroism.
 14523 | Lair:4   | 14523 ||| SWAPPING to +0 morningstar.
 14532 | Lair:4   | 14532 ||| SWAPPING to +2 war axe of freezing.
 14944 | Lair:4   | 14944 ||| DRINKING 2 orange potions.
 15048 | Lair:4   | 15048 ||| DROPPING potion of berserk rage.
 15077 | Lair:5   | Entered Level 5 of the Lair of Beasts
 15119 | Lair:5   | Received a gift from Okawaru
 15130 | Lair:5   | 15130 ||| INVOKING Heroism.
 15173 | Lair:5   | 15173 ||| Stepping ~*~*~tactically~*~*~ (stealth).
 15180 | Lair:5   | 15180 ||| Stepping ~*~*~tactically~*~*~ (stealth).
 15181 | Lair:5   | 15181 ||| Stepping ~*~*~tactically~*~*~ (stealth).
 15182 | Lair:5   | 15182 ||| Stepping ~*~*~tactically~*~*~ (stealth).
 15231 | Lair:5   | 15231 ||| Stepping ~*~*~tactically~*~*~ (stealth).
 15232 | Lair:5   | 15232 ||| Stepping ~*~*~tactically~*~*~ (stealth).
 15233 | Lair:5   | 15233 ||| Stepping ~*~*~tactically~*~*~ (stealth).
 15243 | Lair:5   | 15243 ||| INVOKING Heroism.
 15310 | Lair:5   | Reached skill level 15 in Axes
 15315 | Lair:5   | 15315 ||| INVOKING Heroism.
 15318 | Lair:5   | Gained mutation: Your large and strong wings let you fly.
                  | [Gargoyle growth]
 15318 | Lair:5   | Reached XP level 14. HP: 52/90 MP: 18/21
 15336 | Lair:5   | 15336 ||| Stepping ~*~*~tactically~*~*~ (stealth).
 15346 | Lair:5   | 15346 ||| INVOKING Heroism.
 15434 | Lair:5   | 15434 ||| INVOKING Heroism.
 15439 | Lair:5   | 15439 ||| SWAPPING to +0 morningstar.
 15443 | Lair:5   | 15443 ||| SWAPPING to +2 war axe of freezing.
 15581 | Lair:5   | 15581 ||| READING scroll of enchant weapon.
 15581 | Lair:5   | 15581 ||| ENCHANTING +2 war axe of freezing.
 15656 | Lair:5   | 15656 ||| Stepping ~*~*~tactically~*~*~ (stealth).
 15771 | Lair:5   | 15771 ||| Stepping ~*~*~tactically~*~*~ (stealth).
 15797 | Lair:5   | Reached skill level 12 in Fighting
 15815 | Lair:5   | 15815 ||| Stepping ~*~*~tactically~*~*~ (stealth).
 15815 | Lair:5   | Noticed Nessos
 15818 | Lair:5   | 15818 ||| Stepping ~*~*~tactically~*~*~ (stealth).
 15852 | Lair:5   | 15852 ||| INVOKING Finesse.
 15858 | Lair:5   | Killed Nessos
 15926 | Lair:5   | 15926 ||| READING scroll of enchant weapon.
 15926 | Lair:5   | 15926 ||| ENCHANTING +3 war axe of freezing.
 15940 | Lair:5   | Identified the +2 cloak of Sorcery {rCorr MP-9 Str+3}
 16184 | Lair:5   | 16184 ||| PLANNING D
 16184 | Lair:5   | 16184 ||| DROPPING scarf of repulsion.
 16185 | Lair:5   | 16185 ||| UPGRADING to +2 hat.
 16190 | Lair:5   | 16190 ||| DROPPING +1 pair of boots.
 16191 | Lair:5   | 16191 ||| UPGRADING to +2 cloak of Sorcery {rCorr MP-9
                  | Str+3}.
 16201 | Lair:5   | 16201 ||| DROPPING +2 cloak.
 16202 | Lair:5   | 16202 ||| DROPPING amulet of regeneration.
 16396 | D:12     | Found Redghim's Antique Weapon Shop.
 16504 | D:12     | 16504 ||| BUYING glowing flail (201 gold).
 16504 | D:12     | Bought a glowing flail for 201 gold pieces
 16504 | D:12     | 16504 ||| DROPPING +4 flail.
 16548 | D:12     | 16548 ||| Stepping ~*~*~tactically~*~*~ (stealth).
 16622 | D:12     | 16622 ||| INVOKING Heroism.
 16640 | D:12     | Found a shimmering altar of Xom.
 16649 | D:12     | Found a shimmering altar of Xom.
 16655 | D:12     | Found a shimmering altar of Xom.
 16655 | D:12     | Found a shimmering altar of Xom.
 16836 | D:12     | Found a shimmering altar of Xom.
 16836 | D:12     | You are sucked into a shaft and drop 2 floors!
 16893 | D:13     | Found a gate to the Vaults.
 16894 | D:13     | 16894 ||| INVOKING Heroism.
 16904 | D:13     | Identified the +0 robe of the Raven {Int+3} (Okawaru gifted
                  | it to you on level 13 of the Dungeon)
 16904 | D:13     | Received a gift from Okawaru
 16913 | D:13     | Reached skill level 16 in Axes
 16927 | D:13     | 16927 ||| STAIRDANCE
 17111 | D:12     | Found a shimmering altar of Xom.
 17200 | D:12     | 17200 ||| Stepping ~*~*~tactically~*~*~ (hiding).
 17202 | D:12     | 17202 ||| Stepping ~*~*~tactically~*~*~ (hiding).
 17220 | D:12     | 17220 ||| Stepping ~*~*~tactically~*~*~ (stealth).
 17375 | D:13     | Found Wyosel's Weapon Shoppe.
 17423 | D:13     | 17423 ||| Stepping randomly (disturbance).
 17479 | D:13     | 17479 ||| Stepping ~*~*~tactically~*~*~ (stealth).
 17481 | D:13     | 17481 ||| Stepping ~*~*~tactically~*~*~ (hiding).
 17487 | D:13     | Reached skill level 3 in Dodging
 17637 | D:13     | 17637 ||| Stepping ~*~*~tactically~*~*~ (hiding).
 17642 | D:13     | 17642 ||| INVOKING Heroism.
 17645 | D:13     | HP: 21/92 [phantasmal warrior[a death knight] (22)]
 17646 | D:13     | 17646 ||| READING 7 scrolls of teleportation.
 17647 | D:13     | 17647 ||| DRINKING 6 potions of heal wounds.
 17855 | D:13     | Found Maneank's Assorted Antiques.
 17863 | D:13     | 17863 ||| BUYING scroll of enchant armour (195 gold).
 17863 | D:13     | Bought a scroll of enchant armour for 195 gold pieces
 17863 | D:13     | 17863 ||| READING scroll of enchant armour.
 17863 | D:13     | 17863 ||| ENCHANTING +1 pair of boots.
 17989 | D:13     | Found Qoumuilio's Jewellery Boutique.
 17997 | D:13     | 17997 ||| SHOPLISTING amulet of Suwochatua {RegenMP rC+
                  | Int+4} (995 gold, have 602).
 17997 | D:13     | 17997 ||| BUYING ring of resist corrosion (380 gold).
 17997 | D:13     | Bought a ring of resist corrosion for 380 gold pieces
 18074 | D:13     | Found Veneacy's Book Emporium.
 18075 | D:13     | Found Kaacen's General Store.
 18076 | D:13     | 18076 ||| Stepping ~*~*~tactically~*~*~ (hiding).
 18089 | D:13     | 18089 ||| INVOKING Heroism.
 18096 | D:13     | HP: 22/92 [phantasmal warrior[a death knight] (14)]
 18097 | D:13     | 18097 ||| READING 6 scrolls of teleportation.
 18098 | D:13     | 18098 ||| DRINKING 5 potions of heal wounds.
 18277 | D:13     | 18277 ||| BUYING scroll of teleportation (51 gold).
 18277 | D:13     | Bought a scroll of teleportation for 51 gold pieces
 18358 | D:13     | 18358 ||| DROPPING ring of willpower.
 18359 | D:13     | 18359 ||| READING 11 scrolls of identify.
 18359 | D:13     | 18359 ||| IDENTIFYING ruby potion
 18411 | D:13     | 18411 ||| BUYING +0 broad axe of electrocution (228 gold).
 18411 | D:13     | Bought a +0 broad axe of electrocution for 228 gold pieces
 18411 | D:13     | 18411 ||| SWAPPING to +0 broad axe of electrocution.
 18412 | D:13     | 18412 ||| DROPPING +4 war axe of freezing.
 18433 | D:14     | Noticed Agnes
 18434 | D:14     | 18434 ||| INVOKING Heroism.
 18435 | D:14     | 18435 ||| INVOKING Finesse.
 18449 | D:14     | Killed Agnes
 18450 | D:14     | Reached skill level 12 in Armour
 18523 | D:14     | 18523 ||| FLEEEEING.
 18524 | D:14     | 18524 ||| FLEEEEING.
 18534 | D:14     | 18534 ||| STAIRDANCE
 18723 | D:14     | Found a one-way gate to the infinite horrors of the Abyss.
 18723 | D:14     | Noticed Kilet's ghost (adept GrEE)
 18727 | D:14     | Found a transporter.
 18729 | D:14     | Found a transporter.
 18775 | D:14     | Reached XP level 15. HP: 96/96 MP: 13/22
 19055 | D:14     | Noticed a profane servitor
 19118 | D:15     | Entered Level 15 of the Dungeon
 19121 | D:15     | Found a staircase to the Depths.
 19130 | D:15     | 19130 ||| INVOKING Heroism.
 19160 | D:15     | Received a gift from Okawaru
 19178 | D:15     | 19178 ||| FLEEEEING.
 19182 | D:15     | 19182 ||| STAIRDANCE
 19342 | D:15     | 19342 ||| INVOKING Heroism.
 19418 | D:15     | Found Qoohud's Weapon Boutique.
 19441 | D:15     | 19441 ||| Stepping ~*~*~tactically~*~*~ (hiding).
 19461 | D:15     | 19461 ||| INVOKING Heroism.
 19496 | D:15     | Reached skill level 17 in Axes
 19543 | D:15     | 19543 ||| INVOKING Heroism.
 19575 | D:15     | Found Nepum's Book Boutique.
 19591 | D:15     | 19591 ||| Stepping ~*~*~tactically~*~*~ (hiding).
 19636 | D:15     | Found Bounez's Antique Armour Shoppe.
 19691 | D:15     | 19691 ||| Stepping ~*~*~tactically~*~*~ (hiding).
 19692 | D:15     | 19692 ||| Stepping ~*~*~tactically~*~*~ (hiding).
 19694 | D:15     | 19694 ||| Stepping ~*~*~tactically~*~*~ (hiding).
 20070 | D:15     | Found Leojan's Book Emporium.
 20071 | D:15     | 20071 ||| INVOKING Heroism.
 20072 | D:15     | 20072 ||| INVOKING Finesse.
 20074 | D:15     | 20074 ||| SWAPPING to +0 morningstar.
 20084 | D:15     | 20084 ||| SWAPPING to +0 broad axe of electrocution.
 20181 | D:15     | 20181 ||| PLANNING ORC
 20276 | Orc:1    | Entered Level 1 of the Orcish Mines
 20348 | Orc:1    | 20348 ||| Stepping ~*~*~tactically~*~*~ (stealth).
 20413 | Orc:1    | 20413 ||| FLEEEEING.
 20415 | Orc:1    | 20415 ||| FLEEEEING.
 20416 | Orc:1    | 20416 ||| FLEEEEING.
 20419 | Orc:1    | 20419 ||| FLEEEEING.
 20420 | Orc:1    | 20420 ||| FLEEEEING.
 20421 | Orc:1    | 20421 ||| FLEEEEING.
 20422 | Orc:1    | 20422 ||| FLEEEEING.
 20426 | Orc:1    | 20426 ||| FLEEEEING.
 20427 | Orc:1    | 20427 ||| FLEEEEING.
 20428 | Orc:1    | 20428 ||| FLEEEEING.
 20564 | Orc:1    | 20564 ||| DROPPING +0 morningstar.
 20565 | Orc:1    | 20565 ||| DROPPING +2 flail of holy wrath.
 20684 | Orc:2    | Entered Level 2 of the Orcish Mines
 20689 | Orc:2    | 20689 ||| Stepping ~*~*~tactically~*~*~ (stealth).
 20692 | Orc:2    | 20692 ||| Stepping ~*~*~tactically~*~*~ (stealth).
 20694 | Orc:2    | 20694 ||| Stepping ~*~*~tactically~*~*~ (stealth).
 20696 | Orc:2    | 20696 ||| Stepping ~*~*~tactically~*~*~ (hiding).
 20703 | Orc:2    | 20703 ||| INVOKING Heroism.
 20753 | Orc:2    | Found a staircase to the Elven Halls.
 20860 | Orc:2    | 20860 ||| INVOKING Heroism.
 20878 | Orc:2    | Noticed an orc warlord
 20878 | Orc:2    | 20878 ||| INVOKING Finesse.
 20889 | Orc:2    | HP: 17/98 [orc priest/divine providence (12)]
 20890 | Orc:2    | 20890 ||| READING 6 scrolls of teleportation.
 20891 | Orc:2    | 20891 ||| DRINKING 4 potions of heal wounds.
 20894 | Orc:2    | HP: 13/98 [orc knight/+3 war axe (24)]
 20894 | Orc:2    | HP: 5/98 [orc priest/divine providence (8)]
 20895 | Orc:2    | 20895 ||| DRINKING 3 potions of heal wounds.
 20900 | Orc:2    | 20900 ||| INVOKING Heroism.
 21244 | Orc:2    | 21244 ||| INVOKING Heroism.
 21476 | Orc:2    | 21476 ||| INVOKING Heroism.
 21518 | Orc:2    | 21518 ||| INVOKING Heroism.
 21535 | Orc:2    | 21535 ||| Stepping ~*~*~tactically~*~*~ (stealth).
 21543 | Orc:2    | 21543 ||| Stepping ~*~*~tactically~*~*~ (stealth).
 21545 | Orc:2    | 21545 ||| Stepping ~*~*~tactically~*~*~ (stealth).
 21560 | Orc:2    | 21560 ||| Stepping ~*~*~tactically~*~*~ (stealth).
 21566 | Orc:2    | 21566 ||| Stepping ~*~*~tactically~*~*~ (stealth).
 21568 | Orc:2    | 21568 ||| INVOKING Heroism.
 21647 | Orc:2    | 21647 ||| INVOKING Heroism.
 21674 | Orc:2    | Killed an orc warlord
 21685 | Orc:2    | 21685 ||| INVOKING Heroism.
 21904 | Orc:2    | 21904 ||| INVOKING Heroism.
 21906 | Orc:2    | Found Befodd's Antique Armour Shop.
 21939 | Orc:2    | Found Gorph's General Store.
 21939 | Orc:2    | Found Searog's Jewellery Shop.
 21941 | Orc:2    | Found Sirgha's Antique Weapon Boutique.
 21945 | Orc:2    | 21945 ||| BUYING spiked helmet (247 gold).
 21945 | Orc:2    | Bought a spiked helmet for 247 gold pieces
 21945 | Orc:2    | Identified the +0 helmet "Vutetal" {*Corrode rPois rN+
                  | MP+9} (You bought it in a shop on level 2 of the Orcish
                  | Mines)
 21947 | Orc:2    | 21947 ||| BUYING glowing broad axe (238 gold).
 21947 | Orc:2    | Bought a glowing broad axe for 238 gold pieces
 21947 | Orc:2    | 21947 ||| SWAPPING to +0 heavy broad axe.
 21948 | Orc:2    | 21948 ||| DROPPING +0 broad axe of electrocution.
 21958 | Orc:2    | 21958 ||| BUYING potion of cancellation (104 gold).
 21958 | Orc:2    | Bought a potion of cancellation for 104 gold pieces
 21958 | Orc:2    | 21958 ||| BUYING scroll of teleportation (39 gold).
 21958 | Orc:2    | Bought a scroll of teleportation for 39 gold pieces
 21959 | Orc:2    | 21959 ||| SHOPLISTING ring "Icacsulu" {rPois rCorr EV+5}
                  | (739 gold, have 375).
 21959 | Orc:2    | 21959 ||| BUYING ring of resist corrosion (280 gold).
 21959 | Orc:2    | Bought a ring of resist corrosion for 280 gold pieces
 21973 | Orc:2    | Reached skill level 18 in Axes
 22034 | Orc:2    | 22034 ||| PLANNING SNAKE:1-3
 22034 | Orc:2    | 22034 ||| DROPPING +0 helmet "Vutetal" {*Corrode rPois rN+
                  | MP+9}.
 22174 | Snake:1  | Entered Level 1 of the Snake Pit
 22186 | Snake:1  | 22186 ||| INVOKING Heroism.
 22194 | Snake:1  | Noticed Aizul
 22201 | Snake:1  | Killed Aizul
 22215 | Snake:1  | Reached skill level 9 in Shields
 22359 | Snake:1  | 22359 ||| DROPPING +1 hand axe of flaming.
 22495 | Snake:1  | 22495 ||| Stepping ~*~*~tactically~*~*~ (stealth).
 22495 | Snake:1  | Noticed Josephine
 22496 | Snake:1  | 22496 ||| Stepping ~*~*~tactically~*~*~ (stealth).
 22504 | Snake:1  | Killed Josephine
 22505 | Snake:1  | Reached XP level 16. HP: 98/104 MP: 14/23
 22545 | Snake:1  | Noticed Donald
 22546 | Snake:1  | 22546 ||| INVOKING Heroism.
 22567 | Snake:1  | Killed Donald
 22729 | Snake:1  | 22729 ||| Stepping ~*~*~tactically~*~*~ (hiding).
 22731 | Snake:1  | 22731 ||| Stepping ~*~*~tactically~*~*~ (hiding).
 22732 | Snake:1  | 22732 ||| Stepping ~*~*~tactically~*~*~ (hiding).
 22762 | Snake:1  | 22762 ||| Stepping ~*~*~tactically~*~*~ (hiding).
 22764 | Snake:1  | 22764 ||| Stepping ~*~*~tactically~*~*~ (hiding).
 22766 | Snake:1  | 22766 ||| Stepping ~*~*~tactically~*~*~ (hiding).
 22772 | Snake:1  | 22772 ||| Stepping ~*~*~tactically~*~*~ (hiding).
 22773 | Snake:1  | 22773 ||| Stepping ~*~*~tactically~*~*~ (hiding).
 22775 | Snake:1  | 22775 ||| Stepping ~*~*~tactically~*~*~ (hiding).
 22835 | Snake:1  | 22835 ||| Stepping ~*~*~tactically~*~*~ (hiding).
 23031 | Snake:1  | 23031 ||| Stepping ~*~*~tactically~*~*~ (stealth).
 23585 | Snake:1  | 23585 ||| DROPPING orb of light.
 23586 | Snake:1  | 23586 ||| UPGRADING to +2 tower shield of positive energy.
 23596 | Snake:1  | 23596 ||| DROPPING +0 buckler.
 23597 | Snake:1  | 23597 ||| DROPPING +3 plate armour.
 23711 | Snake:2  | 23711 ||| Stepping ~*~*~tactically~*~*~ (stealth).
 23715 | Snake:2  | 23715 ||| Stepping ~*~*~tactically~*~*~ (hiding).
 23716 | Snake:2  | 23716 ||| Stepping ~*~*~tactically~*~*~ (hiding).
 23722 | Snake:2  | Identified the +0 executioner's axe "Taossala" {speed,
                  | Fragile rPois rC++ Dex+3} (Okawaru gifted it to you on
                  | level 2 of the Snake Pit)
 23722 | Snake:2  | Received a gift from Okawaru
 23725 | Snake:2  | 23725 ||| INVOKING Heroism.
 23736 | Snake:2  | HP: 14/106 [salamander mystic/+0 quarterstaff (17)]
 23737 | Snake:2  | 23737 ||| READING 6 scrolls of teleportation.
 23738 | Snake:2  | 23738 ||| DRINKING 2 potions of heal wounds.
 23748 | Snake:2  | HP: 16/106 [salamander/+0 halberd of freezing (13)]
 23748 | Snake:2  | Slain by a salamander

Levels and vault maps discovered:
D:1:      eino_arrival_water_cross, layout_loops_ring,
          shapermc_ecumenical_altar_venn
D:2:      layout_basic, basic_altar
D:3:      layout_basic, mainiacjoe_overflow_small_starburst
D:4:      layout_basic, serial_shops, nicolae_stop_n_shop_2,
          nicolae_concentric_dashed_squares_wild, grunt_ministairs_10,
          kennysheep_generic_room_9, uniq_edmund, uniq_sigmund, uniq_eustachio
D:5:      layout_loops_corners, minmay_temple_entry_junction,
          chequers_decorated_corner, nicolae_shop_firing_range
D:6:      layout_cave_pods, minmay_between, uniq_maggie
D:7:      layout_basic, tso_metal_star, minmay_misc_feat_enclosed, uniq_pikel,
          uniq_prince_ribbit1
D:8:      layout_basic
D:9:      layout_basic, nicolae_overflow_crystal_walls
D:10:     layout_basic
D:11:     layout_roguey, lair_entry_dummy, zombieorc2_lemuel
D:12:     layout_grid_maze, serial_shops, shop, chequers_serial_rivers_large_a,
          xom_shifter_show
D:13:     layout_irregular_city, david_vaults_3, serial_shops,
          nicolae_take_the_stairs, shop, shop, shop, nicolae_lakefront_shop
D:14:     layout_gridville, hangedman_decor_growths,
          gammafunk_ghost_abyssal_escape, uniq_agnes
D:15:     gammafunk_depths_entry_grave, layout_irregular_city, serial_shops,
          nicolae_shop_waterfront, nicolae_shop_just_a_little_nook, shop,
          nicolae_square_shop, minmay_door_square
Temple:   hellmonk_temple_divided_pantheon
Lair:1:   layout_regular_city
Lair:2:   layout_roguey, nicolae_shoals_entry_roost,
          nicolae_snake_entry_warm_welcome, serial_bayou_pond_c
Lair:3:   layout_chaotic_city, chequers_serial_rivers_micro_e
Lair:4:   layout_hall_layers, slime_entry_1, st_stairs_8,
          infiniplex_staircase_pool
Lair:5:   minmay_lair_end_frog_pond, layout_long_grid,
          dreamdust_mushroom_princess, uniq_nessos
Snake:1:  layout_chambers, serial_bayou_lake_a, uniq_josephine, uniq_donald,
          uniq_aizul
Snake:2:  layout_basic, ebering_ghost_xom
Orc:1:    layout_caves
Orc:2:    st_orc_congregation, layout_diamond_mine, enter_volcano_3

Skill      XL: |  1  2  3  4  5  6  7  8  9 10 11 12 13 14 15 16 |
---------------+-------------------------------------------------+-----
Axes           | 2 3 4 5 7 8 10 11 12 14 15 16 18 | 18.0
Fighting       | 4 5 7 9 10 11 12 13 14 | 14.0
Dodging        | 1 2 3 |  3.2
Armour         | 5 6 7 9 10 12 | 12.5
Throwing       | 2 3 |  3.6
Shields        | 4 5 6 7 8 9 10 | 10.1
Invocations    | 4 6 10 | 10.0

Action                     |  1- 3 |  4- 6 |  7- 9 | 10-12 | 13-15 | 16-18 || total
---------------------------+-------+-------+-------+-------+-------+-------++-------
  Melee: War axe           |    94 |   102 |   224 |   522 |   463 |       ||  1405
         Morningstar       |       |       |       |     1 |    27 |       ||    28
         Broad axe         |       |       |       |       |   386 |   119 ||   505
  Throw: Javelin           |       |       |    28 |    57 |     4 |       ||    89
         Boomerang         |       |       |     8 |    67 |   358 |    15 ||   448
 Invoke: Heroism           |       |       |       |    10 |    32 |     2 ||    44
         Finesse           |       |       |       |       |     4 |       ||     4
    Use: Scroll            |     2 |     6 |     9 |     9 |    10 |     1 ||    37
         Potion            |       |     1 |     6 |     2 |     5 |     1 ||    15
 Armour: Scale mail        |    14 |    16 |    19 |       |       |       ||    49
         Chain mail        |    24 |    50 |       |       |       |       ||    74
         Plate armour      |       |       |   139 |   378 |   534 |   106 ||  1157
  Dodge: Dodged            |    29 |    39 |    55 |   149 |   225 |    30 ||   527
  Block: Buckler           |    16 |    21 |    77 |   238 |   384 |    56 ||   792
         Reflection        |       |       |     4 |     8 |    21 |    12 ||    45
         Tower shield      |       |       |       |       |       |    60 ||    60

Table legend:
 A = Non-vault XP
 B = Vault XP
 C = Vault XP percentage of total XP
 D = Non-vault monster count
 E = Vault monster count
 F = Vault count percentage of total count
                 A         B        C        D         E       F
            +---------+---------+-------+---------+---------+-------
      Total |  103730 |   42837 |  29.2 |     524 |     205 |  28.1
            +---------+---------+-------+---------+---------+-------
        D:1 |      37 |       0 |   0.0 |      20 |       0 |   0.0
        D:2 |      53 |       0 |   0.0 |      25 |       0 |   0.0
        D:3 |     156 |       0 |   0.0 |      25 |       0 |   0.0
        D:4 |     324 |     789 |  70.9 |      15 |       8 |  34.8
        D:5 |     638 |       6 |   0.9 |       9 |       3 |  25.0
        D:6 |     540 |     618 |  53.4 |      13 |       5 |  27.8
        D:7 |    1001 |     789 |  44.1 |      18 |       2 |  10.0
        D:8 |    2512 |       0 |   0.0 |      26 |       0 |   0.0
        D:9 |    2441 |       0 |   0.0 |      16 |       0 |   0.0
       D:10 |    3113 |       0 |   0.0 |      22 |       0 |   0.0
       D:11 |    6557 |     526 |   7.4 |      40 |      36 |  47.4
       D:12 |    5141 |       0 |   0.0 |      20 |       0 |   0.0
       D:13 |    6336 |    5791 |  47.8 |      16 |      20 |  55.6
       D:14 |    3089 |    1435 |  31.7 |      10 |       1 |   9.1
       D:15 |   15155 |    4386 |  22.4 |      28 |       8 |  22.2
     Lair:1 |    7400 |       0 |   0.0 |      32 |       0 |   0.0
     Lair:2 |    4337 |    1325 |  23.4 |      12 |       6 |  33.3
     Lair:3 |    5376 |       0 |   0.0 |      21 |       0 |   0.0
     Lair:4 |    7585 |     210 |   2.7 |      25 |       1 |   3.8
     Lair:5 |    8677 |   11049 |  56.0 |      33 |      38 |  53.5
    Snake:1 |   11579 |    4430 |  27.7 |      27 |       8 |  22.9
    Snake:2 |    6529 |       0 |   0.0 |      10 |       0 |   0.0
      Orc:1 |    1494 |       0 |   0.0 |      26 |       0 |   0.0
      Orc:2 |    3660 |   11483 |  75.8 |      35 |      69 |  66.3
            +---------+---------+-------+---------+---------+-------
